 Dungeon Crawl Stone Soup version bcrawl-1.19.2-6-g6a88ae04c9 (webtiles) character file.

Game seed: 6657253142692151806

157 Banto the Insei (level 5, 0/33 HPs)
             Began as an Octopode Transmuter on Jan 9, 2020.
             Was a Follower of Cheibriados.
             Slain by Purgy (3 damage)
             ... in a sewer.
             The game lasted 00:03:18 (2642 turns).

Banto the Insei (Octopode Transmuter)               Turns: 2642, Time: 00:03:19

Health: 0/33       AC:  1    Str: 13    XL:     5   Next: 38%
Magic:  3/8        EV: 13    Int: 19    God:    Cheibriados [*.....]
Gold:   206        SH:  0    Dex: 15    Spells: 2/8 levels left

rFire    . . .     SeeInvis .     - Unarmed
rCold    . . .     Gourm    .   (no shield)
rNeg     . . .     Faith    .   (helmet restricted)
rPois    .         Spirit   .   (cloak restricted)
rElec    .         Reflect  .   (no amulet)
rCorr    +         Harm     .   i - ring of resist corrosion
MR       .....                  (no ring)
Stlth    +++.......             (no ring)
HPRegen  0.11/turn              (no ring)
MPRegen  0.11/turn              (no ring)
                                (no ring)
                                (no ring)
                                (no ring)

@: appendage, very slow
A: almost no armour, stealthy swim, amphibious, 8 rings, constrict 8, tentacle
spike 3, camouflage 1, gelatinous body 1
a: End Transformation, Bend Time, Renounce Religion


You were in a sewer.
You worshipped Cheibriados.
Cheibriados was aware of your devotion.
You were not hungry.
One of your tentacles had a temporary spike.
You visited 1 branch of the dungeon, and saw 4 of its levels.
You also visited: Sewer.

You collected 206 gold pieces.

Inventory:

Missiles
 a - 369 arrows
Jewellery
 i - a ring of resist corrosion (left tentacle)
Scrolls
 e - 2 scrolls of identify
 g - a scroll of magic mapping
 l - a scroll of blinking
Potions
 b - 2 potions of heal wounds
 c - 2 potions of lignification
 j - a potion of brilliance
 k - a potion of agility
Comestibles
 d - 6 rations {!d}


   Skills:
 - Level 1.0 Fighting
 - Level 2.0 Dodging
 + Level 4.7 Unarmed Combat
 - Level 2.0 Spellcasting
 + Level 4.0 Transmutations


You had 2 spell levels left.
You knew the following spells:

 Your Spells              Type           Power        Failure   Level  Hunger
a - Beastly Appendage     Tmut           ###...       3%          1    #......
b - Sticks to Snakes      Tmut           ###.....     4%          2    ###....
c - Spider Form           Tmut/Pois      #..          22%         3    ###....

Your spell library contained the following spells:

 Spells                   Type           Power        Failure   Level  Hunger
 Ice Form                 Ice/Tmut       #.......     58%         4    #####..
 Blade Hands              Tmut           ###.......   65%         5    ######.


Dungeon Overview and Level Annotations

Branches:
Dungeon (4/12)             Temple (0/1) D:4

Altars:
Cheibriados
Makhleb
Uskayaw

Annotations:
Sewer Purgy


Innate Abilities, Weirdness & Mutations

You cannot wear most types of armour.
You are very stealthy in the water. (Stealth+)
You are amphibious.
You can wear up to eight rings at the same time.
You can use your tentacles to constrict eight enemies at once.
Your skin changes colour to match your surroundings (Stealth+).
Your rubbery body absorbs attacks. (AC +1, EV +1)
One of your tentacles bears a large vicious spike.


Message History

Purgy is lightly wounded.
Purgy bites you. Purgy claws you. Purgy closely misses you.
Your ball python barely misses Purgy.
Your ball python bites Purgy but does no damage.
You closely miss Purgy.
Purgy is lightly wounded.
Your ball python bites Purgy.
Purgy bites you. Purgy claws you. x2
You tentacle-slap Purgy.
Purgy is lightly wounded.
Your ball python closely misses Purgy.
Your ball python bites Purgy.
Purgy snarls, "My home!
Leave!"
Purgy bites you! Purgy misses you. Purgy barely misses you.
Your ball python closely misses Purgy.
You tentacle-slap Purgy.
Purgy is moderately wounded.
Your ball python barely misses Purgy.
Your ball python bites Purgy.
Purgy bites you!
* * * LOW HITPOINT WARNING * * *
Purgy closely misses you. Purgy claws you.
You die...

#≈≈≈≈≈≈≈÷≈≈≈≈≈.########
##≈≈≈≈≈≈≈≈≈≈T≈### #.
##≈≈≈≈≈≈≈≈≈≈≈### ##
##≈≈≈≈≈≈≈≈≈.###
#≈≈≈≈≈≈≈≈≈≈##
#≈≈≈≈≈≈≈≈≈..#
###≈≈≈≈≈≈≈≈##
#≈≈≈≈≈≈ST######
#≈≈≈≈≈≈@SS≈≈≈≈.
#≈≈≈≈≈≈≈.######
##≈≈≈≈≈≈≈≈# #≈≈≈≈≈≈≈≈##
###≈≈≈≈≈≈.##
#≈≈≈≈≈≈≈≈≈≈###
###≈≈≈≈≈≈≈≈≈.##
##≈≈≈≈≈≈≈≈.#.### ##
##≈≈≈≈≈≈≈≈≈≈≈≈≈.### ##≈


You could see Purgy and 3 friendly ball pythons.

Vanquished Creatures
  A howler monkey (D:3)
  An orc wizard (D:3)
  3 adders
  A worm (D:4)
  3 dart slugs
  A leopard gecko (D:1)
  An orc (D:3)
  6 ball pythons
  5 giant cockroaches
  8 goblins
  7 hobgoblins
  4 kobolds
  2 bats (D:2)
  5 frilled lizards
  A quokka skeleton (D:4)
  7 rats
56 creatures vanquished.

Vanquished Creatures (collateral kills)
  A kobold (D:3)
1 creature vanquished.

Grand Total: 57 creatures vanquished

Notes
Turn   | Place    | Note
-------+----------+-------------------------------------------
     0 | D:1      | Banto the Octopode Transmuter began the quest for the Orb.
     0 | D:1      | Reached XP level 1. HP: 13/13 MP: 3/3
   257 | D:1      | Reached XP level 2. HP: 14/18 MP: 5/5
   802 | D:2      | Learned a level 2 spell: Sticks to Snakes
   870 | D:2      | Found a snail-covered altar of Cheibriados.
   877 | D:2      | Reached XP level 3. HP: 23/23 MP: 6/6
   882 | D:2      | Became a worshipper of Cheibriados the Contemplative
   887 | D:2      | Learned a level 3 spell: Spider Form
   928 | D:2      | Found a burning altar of Makhleb.
  1505 | D:3      | Reached * piety under Cheibriados
  1557 | D:3      | Reached XP level 4. HP: 27/28 MP: 2/7
  1862 | D:3      | Reached XP level 5. HP: 31/33 MP: 8/8
  1907 | D:3      | Found a hide-covered altar of Uskayaw.
  2268 | D:4      | Found a glowing drain.
  2403 | Sewer    | Entered a sewer
  2452 | Sewer    | Noticed Purgy
  2642 | Sewer    | Slain by Purgy

Skill      XL: |  1  2  3  4  5 |
---------------+----------------+-----
Transmutations | 3 4 |  4.0
Unarmed Combat | 4 |  4.7
Fighting       | |  1.0
Dodging        | |  2.0
Spellcasting   | |  2.0

Action                   |  1- 3 |  4- 6 || total
-------------------------+-------+-------++-------
Melee: Unarmed           |    73 |    53 ||   126
       Constrict         |    22 |    14 ||    36
       Tentacles         |    15 |     8 ||    23
       Kick              |     1 |     1 ||     2
       Punch             |     1 |       ||     1
 Cast: Beastly Appendage |     1 |     3 ||     4
       Sticks to Snakes  |     1 |     2 ||     3
  Use: Scroll            |       |     8 ||     8
 Stab: Sleeping          |     8 |     5 ||    13
       Distracted        |       |     2 ||     2
  Eat: Chunk             |     2 |     2 ||     4
Armor: Skin              |     3 |     3 ||     6
Dodge: Dodged            |    40 |    32 ||    72
